 Dungeon Crawl Stone Soup version 0.23.0 (webtiles) character file.

Game seed: 9269088743703204048

42324 DrEnzyme the Archer (level 13, -1/97 HPs)
             Began as a Centaur Arcane Marksman on Feb 16, 2019.
             Was a High Priest of Nemelex Xobeh.
             Killed from afar by an efreet (12 damage)
             ... with a bolt of fire
             ... on level 3 of the Abyss on Feb 17, 2019.
             The game lasted 01:35:31 (29114 turns).

DrEnzyme the Archer (Centaur Arcane Marksman)      Turns: 29114, Time: 01:35:32

Health: -1/97      AC: 20    Str: 17      XL:     13   Next: 84%
Magic:  0/18       EV:  6    Int:  9 (12) God:    Nemelex Xobeh [*****.]
Gold:   559        SH:  0    Dex:  9 (11) Spells: 10/14 levels left

rFire    . . .     SeeInvis +   b - +1 flail (holy)
rCold    . . .     Gourm    .   (no shield)
rNeg     . . .     Faith    .   h - +0 scale mail
rPois    .         Spirit   +   (no helmet)
rElec    .         Reflect  .   V - +2 cloak
rCorr    +         Harm     .   E - +2 pair of gloves
MR       .....                  y - +1 centaur barding {Fly}
Stlth    ..........             K - amulet of guardian spirit
HPRegen  0.26/turn              T - ring of see invisible
MPRegen  0.16/turn              G - ring of resist corrosion

@: about to teleport, flying, heavily drained, very quick
A: large, hooves 3, [blurry vision 2], deformed body, deterioration 1, speed 2,
[frail 2], tough skin 3
a: Draw Escape, Draw Destruction, Draw Summoning, Triple Draw, Deal Four, Stack
Five, Renounce Religion, Stop Flying


You were on level 3 of the Abyss.
You worshipped Nemelex Xobeh.
Nemelex Xobeh was extremely pleased with you.
You were not hungry.

You visited 3 branches of the dungeon, and saw 18 of its levels.
You visited the Abyss 1 time.
You also visited: Sewer.

You collected 754 gold pieces.
You spent 195 gold pieces at shops.

Inventory:

Hand Weapons
 a - a +2 longbow of flaming
 b - a +1 flail of holy wrath (weapon)
 w - a +5 shortbow
Missiles
 d - 125 arrows
Armour
 h - a +0 scale mail (worn)
 n - a scarf of cloud immunity
 y - a +1 centaur barding of flying (worn)
 E - a +2 pair of gloves (worn)
 J - a +2 shield
 V - a +2 cloak (worn)
Jewellery
 j - an uncursed ring of wizardry
 B - an uncursed amulet of rage
 G - a ring of resist corrosion (right hand)
 K - an amulet of guardian spirit (around neck)
 T - a ring of see invisible (left hand)
 U - an uncursed ring of fire
Wands
 e - a wand of polymorph (20)
 F - a wand of iceblast (8)
 H - a wand of clouds (1)
 O - a wand of random effects (18)
 S - a wand of flame (29)
Scrolls
 i - a scroll of identify
 l - 7 scrolls of remove curse
 q - a scroll of magic mapping {unknown}
 r - 5 scrolls of teleportation
 z - 2 scrolls of amnesia
 A - 2 scrolls of noise {unknown}
 C - 2 scrolls of fog
 D - a scroll of blinking
 M - 2 scrolls of fear {unknown}
 P - a scroll of immolation {unknown}
 Q - a scroll of holy word {unknown}
 Y - 3 scrolls of vulnerability
Potions
 g - a potion of resistance {unknown}
 k - 2 potions of mutation
 m - 2 potions of curing
 o - a potion of degeneration {unknown}
 p - 2 potions of magic {unknown}
 s - 4 potions of agility
 u - 2 potions of might
 v - 5 potions of brilliance
 x - 3 potions of flight
 I - 3 potions of lignification {unknown}
 N - a potion of haste
 W - a potion of cancellation
 Z - a potion of berserk rage {unknown}
Comestibles
 f - 25 rations


   Skills:
 + Level 13.2(10.7) Fighting
   Level 1.2(0.0) Short Blades
 + Level 8.1(5.9) Maces & Flails
 - Level 14.8(12.2) Bows
 + Level 0.1(0.0) Throwing
 + Level 7.9(5.8) Armour
 + Level 4.4(2.5) Dodging
 + Level 1.0(0.0) Spellcasting
 + Level 3.2(1.4) Hexes
 * Level 7.8(5.7) Invocations
 + Level 2.1(0.3) Evocations


You had 10 spell levels left.
You knew the following spells:

 Your Spells              Type           Power        Failure   Level  Hunger
a - Corona                Hex            #......      58%         1    ##.....
b - Inner Flame           Hex/Fire       #.......     96%         3    ####...

Your spell library contained the following spells:

 Spells                   Type           Power        Failure   Level  Hunger
 Slow                     Hex            #.......     73%         2    ###....
 Freeze                   Ice            #...         77%         1    ##.....
 Ensorcelled Hibernation  Hex/Ice        #.....       82%         2    ###....
 Sublimation of Blood     Necr           #.........   88%         2    ###....
 Throw Frost              Conj/Ice       #.....       88%         2    ###....
 Confuse                  Hex            #.......     91%         3    ####...
 Tukima's Dance           Hex            #.......     91%         3    ####...
 Dazzling Spray           Conj/Hex       #.....       96%         3    ####...
 Portal Projectile        Hex/Tloc       #.....       96%         3    ####...
 Ignite Poison            Fire/Tmut/Pois #.......     98%         3    ####...
 Ozocubu's Armour         Chrm/Ice       #.......     98%         3    ####...
 Cause Fear               Hex            #.........   100%        4    #####..
 Leda's Liquefaction      Hex/Erth       #.........   100%        4    #####..
 Petrify                  Tmut/Erth      #.......     100%        4    #####..
 Summon Ice Beast         Ice/Summ       #.......     100%        4    #####..
 Throw Icicle             Conj/Ice       #.......     100%        4    #####..
 Alistair's Intoxication  Tmut/Pois      #.......     100%        5    ######.
 Irradiate                Conj/Tmut      #.........   100%        5    ######.


Dungeon Overview and Level Annotations

Branches:
Dungeon (11/15)            Temple (1/1) D:7            Lair (6/6) D:10
  Swamp (0/4) Lair:3        Snake (0/4) Lair:2        Slime (0/5) Lair:6
    Orc (0/2) D:9

Altars:
Ashenzari
Cheibriados
Dithmenos
Elyvilon
Fedhas
Gozag
Hepliaklqana
Kikubaaqudgha
Makhleb
Nemelex Xobeh
Okawaru
Qazlal
Ru
Sif Muna
Trog
Uskayaw
Vehumet
Wu Jian
Xom
Yredelemnul
Zin
The Shining One

Shops:
D:8 *   D:9 [

Annotations:
D:2 1 runed translucent door, exclusion: door, Crazy Yiuf
D:8 exclusion: downstairs
D:9 2 transporters, exclusion: downstairs
D:10 exclusion: downstairs
Lair:1 exclusion: downstairs
Lair:5 exclusion: downstairs


Innate Abilities, Weirdness & Mutations

You have hooves in place of feet.
Armour fits poorly on your strangely shaped body.
You cover ground very quickly.
You have extremely tough skin. (AC +3)
Your body sometimes deteriorates upon taking damage.
[Scrolls take you longer to read.]
[You are very frail. (-20% HP)]


Message History

You begin reading the scroll.
You continue reading the scroll.
The efreet closely misses you.
As you read the scroll of teleportation, it crumbles to dust.
You feel strangely unstable.
You feel the power of the Abyss delaying your translocation!
The walls disappear prematurely!
The efreet gestures at you.
The fireball explodes!
The fireball engulfs you!!
* * * LOW HITPOINT WARNING * * *
Your body deteriorates!
You feel clumsy. The efreet gestures at you.
The fireball explodes!
The fireball engulfs you!
* * * LOW HITPOINT WARNING * * *
Really read with blurry vision while enemies are nearby?
Okay, then.
You feel better. The efreet gestures at you. The bolt of fire hits you!
You die...
Your body glows with a rainbow of weird colours and disappears.

.#. # ...##.#
.....#...#..#
###... .#... #
#....##..#.#..#.#
###.#....##.#...#
. .....#..R°.○#
... ##..#..##
#..#
#..#.......### #
#....@...#
#.#........#
#.#####.## ... ..
##. .#.# #. #. #
# #. #.


You could see an efreet.

Vanquished Creatures
  A tentacled starspawn (Abyss:3)
  Nessos (Lair:6)
  A dire elephant (Lair:4)
  A catoblepas (Lair:6)
  3 hydras
  2 death yaks (Lair:5)
  An unseen horror (Abyss:3)
  A harpy (Lair:4)
  A mana viper (Lair:4)
  A cyclops (Lair:4)
  2 manticores (Lair:5)
  32 elephants
  An eye of devastation (Lair:6)
  2 black mambas
  11 spiny frogs
  2 rime drakes
  5 komodo dragons
  An efreet (Abyss:3)
  An ancient zyme (Abyss:3)
  2 hornets
  2 trolls
  A bog body (Lair:3)
  A blink frog (Lair:6)
  8 hippogriffs
  2 dream sheep
  A ynoxinul (Abyss:3)
  24 yaks
  A spriggan (Lair:4)
  2 wyverns
  3 nagas
  4 water moccasins
  4 porcupines
  A black bear (D:7)
  An orc warrior (D:9)
  An ice beast (D:10)
  A small abomination (Abyss:2)
  A necrophage (D:8)
  5 sky beasts
  2 phantoms
  7 wolves
  3 ogres
  6 centaurs
  9 crocodiles
  A big kobold (Sewer)
  11 bullfrogs
  A wyvern zombie (D:7)
  A scorpion (D:10)
  3 wights (D:10)
  3 howler monkeys
  4 crimson imps (D:4)
  4 bullfrog zombies
  A centaur zombie (D:9)
  A lava snake (Lair:3)
  3 hounds
  6 orc priests
  A bullfrog skeleton (D:10)
  A centaur skeleton (D:10)
  3 jellies
  8 orc wizards
  Jessica (D:2)
  6 iguanas
  5 worker ants
  A hound zombie (D:10)
  A hound skeleton (D:6)
  A howler monkey zombie (D:6)
  A worker ant zombie (D:11)
  8 adders
  8 gnolls
  2 river rats (Sewer)
  5 shadow imps
  An ooze (D:7)
  6 worms
  3 dart slugs
  9 leopard geckos
  32 orcs
  8 giant cockroaches
  5 goblins
  8 hobgoblins
  6 jackals
  21 kobolds
  2 quokkas
  5 ball pythons
  8 bats
  6 frilled lizards
  2 leopard gecko zombies
  A quokka zombie (D:7)
  29 rats
  2 fungi
  A lurking horror (Abyss:3)
  2 plants (Lair:4)
410 creatures vanquished.

Vanquished Creatures (collateral kills)
  A hydra (Lair:6)
  Nergalle (Lair:3)
  An elephant (Lair:6)
  4 spiny frogs
  A komodo dragon (Lair:6)
  A wyvern (Lair:6)
  2 water moccasins
  An eye of draining (Lair:6)
  A crocodile (Lair:6)
  4 wolves (Lair:1)
  A fungus (Lair:2)
18 creatures vanquished.

Vanquished Creatures (others)
  An orc warrior (D:10)
  79 fungi
  35 plants
  6 starspawn tentacles (Abyss:3)
121 creatures vanquished.

Grand Total: 549 creatures vanquished

Notes
Turn   | Place    | Note
-------+----------+-------------------------------------------
     0 | D:1      | DrEnzyme the Centaur Arcane Marksman began the quest for
                  | the Orb.
     0 | D:1      | Reached XP level 1. HP: 16/16 MP: 2/2
   224 | D:1      | Reached XP level 2. HP: 21/23 MP: 3/3
   403 | D:1      | Reached skill level 3 in Bows
  1436 | D:2      | Reached XP level 3. HP: 28/28 MP: 4/4
  1612 | D:2      | Reached skill level 4 in Bows
  1612 | D:2      | Reached skill level 1 in Armour
  1612 | D:2      | Reached XP level 4. HP: 21/35 MP: 5/5
  2251 | D:2      | Reached skill level 1 in Short Blades
  2268 | D:2      | Reached XP level 5. HP: 40/40 MP: 6/6
  2539 | D:2      | Reached skill level 5 in Bows
  2775 | D:2      | Noticed Jessica
  2827 | D:2      | Killed Jessica
  2993 | D:2      | Found a runed translucent door.
  2994 | D:2      | Noticed Crazy Yiuf
  3380 | D:2      | Noticed a centaur
  3399 | D:2      | Killed a centaur
  3399 | D:2      | Reached skill level 6 in Bows
  3399 | D:2      | Reached XP level 6. HP: 19/48 MP: 7/7
  3736 | D:3      | Found a blossoming altar of Fedhas.
  3795 | D:3      | Reached skill level 7 in Bows
  4588 | D:4      | Found a shadowy altar of Dithmenos.
  4697 | D:4      | Got a slimy dagger
  4709 | D:4      | Found a shimmering altar of Xom.
  4753 | D:4      | Reached skill level 8 in Bows
  4753 | D:4      | Reached XP level 7. HP: 56/56 MP: 8/8
  5203 | D:4      | Found a glowing drain.
  5222 | Sewer    | Entered a sewer
  5334 | Sewer    | Reached skill level 1 in Maces & Flails
  7028 | D:5      | Entered Level 5 of the Dungeon
  7109 | D:4      | Identified the cursed +1 dagger of the Endless Expanse
                  | {antimagic, MR+ Stlth+} (You found it on level 4 of the
                  | Dungeon)
  7591 | D:5      | Reached XP level 8. HP: 63/63 MP: 9/9
  7781 | D:5      | Learned a level 3 spell: Inner Flame
  7781 | D:5      | Found an ornate altar of the Wu Jian Council.
  7926 | D:5      | Reached skill level 9 in Bows
  8842 | D:6      | Found an ancient bone altar of Kikubaaqudgha.
  9059 | D:6      | Reached skill level 10 in Bows
  9256 | D:6      | Found a glowing silver altar of Zin.
  9998 | D:7      | Found an opulent altar of Gozag.
 10328 | D:7      | Found a stormy altar of Qazlal.
 10383 | D:7      | Reached XP level 9. HP: 27/72 MP: 10/10
 10825 | D:7      | Found a staircase to the Ecumenical Temple.
 10908 | Temple   | Entered the Ecumenical Temple
 11062 | Temple   | Became a worshipper of Nemelex Xobeh the Trickster
 11313 | D:7      | Reached skill level 11 in Bows
 11505 | D:7      | Reached skill level 5 in Fighting
 11582 | D:7      | Received a gift from Nemelex Xobeh
 12492 | D:8      | Found Faeff's General Store.
 12504 | D:8      | Bought a scroll of blinking for 97 gold pieces
 12952 | D:8      | Reached * piety under Nemelex Xobeh
 12952 | D:8      | Received a gift from Nemelex Xobeh
 13436 | D:8      | Reached skill level 12 in Bows
 13626 | D:9      | Found a shattered altar of Ashenzari.
 13628 | D:9      | Noticed a wizard
 13628 | D:9      | Noticed a fire giant
 13630 | D:9      | Found a transporter.
 13639 | D:9      | Found a transporter.
 13655 | D:9      | Found Ceimeteubb's Armour Emporium.
 13675 | D:9      | Found a sacrificial altar of Ru.
 13742 | D:9      | Found a glowing golden altar of the Shining One.
 13799 | D:9      | Noticed a troll
 13834 | D:8      | Killed a troll
 13834 | D:8      | Reached skill level 5 in Maces & Flails
 13834 | D:8      | Reached XP level 10. HP: 33/83 MP: 11/11
 14088 | D:9      | Found a hide-covered altar of Uskayaw.
 14535 | D:9      | Found a staircase to the Orcish Mines.
 14696 | D:9      | Bought a scarf of cloud immunity for 98 gold pieces
 15344 | D:9      | Reached skill level 13 in Bows
 15540 | D:9      | Reached ** piety under Nemelex Xobeh
 15553 | D:9      | Paralysed by a hornet for 1 turns
 15693 | D:9      | Found a hazy altar of Hepliaklqana.
 15777 | D:9      | Noticed a +0 dagger
 15778 | D:9      | Noticed a +0 dagger
 15929 | D:10     | Entered Level 10 of the Dungeon
 15950 | D:10     | Received a gift from Nemelex Xobeh
 16058 | D:10     | Received a gift from Nemelex Xobeh
 16187 | D:10     | Reached skill level 14 in Bows
 16575 | D:10     | Found a staircase to the Lair.
 16806 | D:11     | Noticed a gargoyle
 16932 | Lair:1   | Entered Level 1 of the Lair of Beasts
 16932 | Lair:1   | Received a gift from Nemelex Xobeh
 16932 | Lair:1   | Noticed a spiny frog
 16943 | Lair:1   | Killed a spiny frog
 17011 | Lair:1   | Reached *** piety under Nemelex Xobeh
 17103 | Lair:1   | Received a gift from Nemelex Xobeh
 17125 | Lair:1   | Reached XP level 11. HP: 88/92 MP: 12/12
 17523 | Lair:1   | Noticed a five-headed hydra
 17583 | Lair:1   | Killed a five-headed hydra
 17583 | Lair:1   | Reached skill level 5 in Armour
 18024 | Lair:1   | Received a gift from Nemelex Xobeh
 18135 | Lair:2   | Noticed a six-headed hydra
 18380 | Lair:2   | Found a staircase to the Snake Pit.
 18763 | Lair:2   | Reached **** piety under Nemelex Xobeh
 18784 | Lair:2   | Received a gift from Nemelex Xobeh
 18787 | Lair:2   | Identified the -1 quarterstaff "Giantbane" {freeze, MR++}
 19165 | Lair:2   | Received a gift from Nemelex Xobeh
 19394 | Lair:2   | Killed a six-headed hydra
 19760 | Lair:3   | Found a staircase to the Swamp.
 20313 | Lair:3   | Noticed Nergalle
 20314 | Lair:3   | Noticed a sun demon
 20328 | Lair:3   | Noticed a spectral orc warlord
 20563 | Lair:3   | Killed Nergalle
 20704 | Lair:3   | Reached ***** piety under Nemelex Xobeh
 20704 | Lair:3   | Received a gift from Nemelex Xobeh
 20998 | Lair:4   | Reached skill level 1 in Evocations
 21114 | Lair:4   | Reached skill level 1 in Invocations
 21136 | Lair:4   | Noticed a six-headed hydra
 21173 | Lair:4   | Killed a six-headed hydra
 21173 | Lair:4   | Reached XP level 12. HP: 105/105 MP: 13/13
 21367 | Lair:4   | Received a gift from Nemelex Xobeh
 21698 | Lair:4   | Reached skill level 10 in Fighting
 22419 | Lair:4   | Reached skill level 5 in Invocations
 22727 | Lair:4   | Noticed a dire elephant
 22859 | Lair:4   | Killed a dire elephant
 23287 | Lair:4   | Received a gift from Nemelex Xobeh
 23481 | Lair:4   | Reached XP level 13. HP: 34/117 MP: 6/17
 24159 | Lair:5   | Received a gift from Nemelex Xobeh
 24379 | Lair:5   | Received a gift from Nemelex Xobeh
 24703 | Lair:5   | Received a gift from Nemelex Xobeh
 26068 | Lair:6   | Entered Level 6 of the Lair of Beasts
 26618 | Lair:6   | Found a staircase to the Slime Pits.
 27568 | Lair:6   | Noticed Nessos
 27583 | Lair:6   | Killed Nessos
 28083 | Lair:6   | Received a gift from Nemelex Xobeh
 28105 | Lair:6   | Noticed a dire elephant
 28529 | Lair:6   | Cast into level 2 of the Abyss (a wizard)
 28564 | Abyss:2  | Noticed a tentacled starspawn
 28648 | Abyss:2  | Noticed a daeva
 28756 | Abyss:3  | Received a gift from Nemelex Xobeh
 28795 | Abyss:3  | Noticed a tentacled starspawn
 28814 | Abyss:3  | Killed a tentacled starspawn
 28814 | Abyss:3  | Noticed a lich
 28872 | Abyss:3  | Noticed an eidolon
 28885 | Abyss:3  | Gained mutation: Your body sometimes deteriorates upon
                  | taking damage. [a neqoxec]
 28992 | Abyss:3  | Noticed a starcursed mass
 28992 | Abyss:3  | Noticed a starcursed mass
 28994 | Abyss:3  | Paralysed by accursed screaming for 1 turns
 28995 | Abyss:3  | Noticed a nagaraja
 28999 | Abyss:3  | Noticed a tentacled starspawn
 28999 | Abyss:3  | HP: 3/97 [apocalypse crab/blast of chaos (7)]
 29023 | Abyss:3  | Received a gift from Nemelex Xobeh
 29113 | Abyss:3  | HP: 1/97 [efreet/fireball (7)]
 29114 | Abyss:3  | Killed from afar by an efreet

Skill      XL: |  1  2  3  4  5  6  7  8  9 10 11 12 13 |
---------------+----------------------------------------+-----
Hexes          | 3 |  3.2
Bows           | 3 4 6 8 10 12 14 | 14.8
Armour         | 1 2 4 6 7 |  7.9
Short Blades   | 1 |  1.2
Fighting       | 2 3 4 5 7 9 11 13 | 13.2
Maces & Flails | 2 3 5 7 8 |  8.1
Dodging        | 2 3 4 |  4.4
Evocations     | 1 2 |  2.1
Invocations    | 1 5 7 |  7.8
Throwing       | |  0.1
Spellcasting   | |  1.0

Action                   |  1- 3 |  4- 6 |  7- 9 | 10-12 | 13-15 || total
-------------------------+-------+-------+-------+-------+-------++-------
Melee: Dagger            |    48 |     8 |       |       |       ||    56
       Kick              |     3 |     5 |    46 |    37 |    34 ||   125
       Short sword       |       |    11 |       |       |       ||    11
       Mace              |       |     8 |   286 |    12 |       ||   306
       Shortbow          |       |       |     2 |       |       ||     2
       Flail             |       |       |       |   117 |    94 ||   211
 Fire: Shortbow          |    46 |   185 |   274 |   950 |   223 ||  1678
       Longbow           |       |       |       |       |    53 ||    53
Throw: Stone             |       |       |       |     3 |       ||     3
Invok: Deal Four         |       |       |       |       |     4 ||     4
       Triple Draw       |       |       |       |       |     1 ||     1
 Abil: Draw Destruction  |       |       |       |    21 |     5 ||    26
       Draw Summoning    |       |       |       |    10 |     4 ||    14
       Draw Escape       |       |       |       |       |     9 ||     9
Evoke: Wand              |       |       |     2 |     9 |     2 ||    13
  Use: Scroll            |     4 |     3 |     6 |     7 |    12 ||    32
       Potion            |     1 |     3 |     2 |     7 |    15 ||    28
 Stab: Petrified         |       |       |       |     2 |       ||     2
  Eat: Chunk             |     1 |     8 |    16 |    13 |    11 ||    49
       Ration            |       |       |     2 |     3 |     1 ||     6
Armor: Robe              |    14 |       |       |       |       ||    14
       Leather armour    |     5 |    16 |   122 |       |       ||   143
       Ring mail         |       |       |    22 |    12 |       ||    34
       Scale mail        |       |       |       |    98 |   131 ||   229
Dodge: Dodged            |    44 |    48 |   202 |    98 |    84 ||   476
